AoeStats
← nathan.aubry2005

Socotra

504829237Analyzed
2v2 RM · 24d ago on Sep 6, 2026· 34m 27s· 4 players
Game mode
Random Map
Map size
Tiny (2 player)
Population
200
Speed
Normal
Resources
Standard
Victory
Conquest
Starting age
Dark Age
Ending age
Imperial Age
RankedLock teamsTeams togetherTeam positionsShared explorationLock speedFull tech treeHidden civsTurbo modeCheats
Victory
Defeat
🇬🇧 Lithuanians · United Kingdom
858
+14
🇬🇧 Sicilians · United Kingdom
858
+14
🇫🇷 Turks · France
813
-37
🇫🇷 Britons · France
813
-37
robby
10:29 Feudal Age
8:47 Loom
11:10 Horse Collar
11:17 Double-Bit Axe
13:47 Wheelbarrow
19:18 Castle Age
19:27 Elite Skirmisher
21:38 Town Watch
23:14 Fletching
23:24 Padded Archer Armor
24:54 Thumb Ring
26:08 Bow Saw
27:27 Gold Mining
32:02 Forging
31:58 Scale Barding Armor
35:02 Iron Casting
34:48 Chain Barding Armor
bobby
6:40 Loom
14:18 Feudal Age
15:36 Double-Bit Axe
22:27 Arson
23:49 Scale Mail Armor
25:14 Fletching
25:25 Horse Collar
30:04 Forging
33:45 Castle Age
33:13 Bloodlines
33:11 Scale Barding Armor
CacaNaldo
1:00 Loom
11:50 Feudal Age
15:57 Padded Archer Armor
19:14 Man-at-Arms
23:03 Horse Collar
28:44 Castle Age
27:22 Wheelbarrow
nathan.aubry2005
14:52 Feudal Age
20:00 Wheelbarrow
23:42 Castle Age
Connection lost

Rejoining the realm…

Still unreachable

The connection could not be restored.

Session expired

The server has moved on; the page needs a fresh start.